 Dungeon Crawl Stone Soup version 0.24-a0-613-g1ff6aac338 (webtiles) character file.

Game seed: 666384035880313964, levelgen mode: deterministic

3420 Engwar the Arsonist (level 9, -4/74 HPs)
             Began as a Black Draconian Fire Elementalist on Sept 11, 2019.
             Was an Initiate of Vehumet.
             Slain by a manticore (8 damage)
             ... on level 8 of the Dungeon.
             The game lasted 00:40:20 (9135 turns).

Engwar the Arsonist (DrFE)                          Turns: 9135, Time: 00:40:22

Health: -4/74      AC:  7    Str: 12    XL:     9   Next: 76%
Magic:  2/18       EV: 13    Int: 18    God:    Vehumet [......]
Gold:   317        SH:  0    Dex: 11    Spells: 5/20 levels left

rFire    . . .     SeeInvis +   a - +1 rapier (vamp)
rCold    . . .     Gourm    .   (no shield)
rNeg     . . .     Faith    .   (armour unavailable)
rPois    .         Spirit   .   (helmet restricted)
rElec    +         Reflect  .   (no cloak)
rCorr    +         Harm     .   (no gloves)
MR       .....                  (no boots)
Stlth    ++........             D - amulet of rage
HPRegen  0.22/turn              l - ring of resist corrosion
MPRegen  0.16/turn              g - ring of see invisible

@: barbed spikes
A: breathe lightning, unfitting armour, electricity resistance, cold-blooded, AC
+7
a: Breathe Lightning, Renounce Religion, Evoke Berserk Rage


You were on level 8 of the Dungeon.
You worshipped Vehumet.
Vehumet was noncommittal.
You were not hungry.

You visited 2 branches of the dungeon, and saw 9 of its levels.
You also visited: Sewer.

You collected 373 gold pieces.
You spent 56 gold pieces at shops.

Inventory:

Hand Weapons
 a - a +1 vampiric rapier (weapon)
 b - a +1 hunting sling
 v - the cursed +3 great sword of Jaduj {flame, *Contam MR+ Str+8}
   (You found it on level 4 of the Dungeon)

   It has been specially enchanted to burn those struck by it, causing extra
   injury to most foes and up to half again as much damage against particularly
   susceptible opponents.
   Big, fiery blades are also staple armaments of hydra-hunters.
   It affects your strength (+8).
   It affects your resistance to hostile enchantments.
   It causes magical contamination when unequipped.
   It has a curse placed upon it.
 z - a +2 dagger of speed
Missiles
 c - 260 stones (quivered)
Magical Staves
 o - an uncursed staff of summoning
Jewellery
 g - a ring of see invisible (right hand)
 l - a ring of resist corrosion (left hand)
 p - an uncursed ring of protection from cold {unknown}
 w - an uncursed ring of positive energy
 D - an amulet of rage (around neck)
Wands
 n - a wand of flame (18)
 t - a wand of scattershot (4)
Scrolls
 i - 2 scrolls of enchant weapon
 q - 2 scrolls of magic mapping
 s - 4 scrolls of fear
 u - 3 scrolls of remove curse
 x - 2 scrolls of fog
 y - 3 scrolls of teleportation
Potions
 e - a potion of flight {unknown}
 f - 2 potions of resistance
 h - 5 potions of curing
 j - 3 potions of haste
 k - 2 potions of brilliance {unknown}
 m - 3 potions of berserk rage
 r - 6 potions of heal wounds
 A - 3 potions of magic
 C - a potion of invisibility {unknown}
Comestibles
 d - 13 rations
 B - 3 chunks of flesh


   Skills:
 - Level 5.0 Fighting
 + Level 3.0 Dodging
 - Level 1.7 Stealth
 - Level 6.3 Spellcasting
 - Level 8.0 Conjurations
 - Level 8.1 Fire Magic


You had 5 spell levels left.
You knew the following spells:

 Your Spells              Type           Power        Failure   Level  Hunger
a - Flame Tongue          Conj/Fire      ####.        1%          1    None
b - Throw Flame           Conj/Fire      ####..       1%          2    None
c - Sticky Flame          Conj/Fire      ####....     4%          4    ####...
d - Conjure Flame         Conj/Fire      ####....     1%          3    ##.....
e - Fireball              Conj/Fire      ####......   12%         5    #####..

Your spell library contained the following spells:

 Spells                   Type           Power        Failure   Level  Hunger
 Inner Flame              Hex/Fire       ###.....     7%          3    ##.....
 Beastly Appendage        Tmut           #.....       12%         1    None
 Sticks to Snakes         Tmut           #.......     17%         2    None
 Spider Form              Tmut/Pois      #.........   34%         3    ##.....
 Ice Form                 Ice/Tmut       #.......     75%         4    ####...
 Blade Hands              Tmut           #.........   97%         5    #####..


Dungeon Overview and Level Annotations

Branches:
Dungeon (8/15)             Temple (1/1) D:7           Sewer (visited)
   Lair: D:8-11

Altars:
Ashenzari
Cheibriados
Dithmenos
Fedhas
Gozag
Makhleb
Ru
Sif Muna
Uskayaw
Vehumet
Wu Jian
Xom
Yredelemnul

Shops:
D:7 *


Innate Abilities, Weirdness & Mutations

You can breathe wild blasts of lightning.
Your glossy black scales are hard. (AC +7)
You cannot fit into any form of body armour.
You are resistant to electric shocks. (rElec)
You are cold-blooded and may be slowed by cold attacks.


Message History

The manticore burns!
The manticore closely misses you. The manticore barely misses you.
The manticore claws you!
You hit the manticore but do no damage.
You tail-slap the manticore, but do no damage.
The manticore is severely wounded.
The manticore burns!
The manticore bites you!! The manticore claws you!
* * * LOW HITPOINT WARNING * * *
The manticore claws you.
* * * LOW HITPOINT WARNING * * *
Unknown command.
Unknown command.
Unknown command.
Unknown command.
You hit the manticore.
You feel better.
The manticore is severely wounded.
The manticore burns! x2; The manticore stops burning.
The manticore barely misses you. The manticore claws you!
* * * LOW HITPOINT WARNING * * *
The manticore claws you!
You die...

#............
#............
#...........
#............
#...........
#..........#
#..........#
##H........# #@.......#
## #.......## ...#
#......## #
....##.....## ##..
......#.....#####.....
.....>.................
.......................#
................########
.............#####


You could see a manticore.

Vanquished Creatures
  Sigmund (D:6)
  Eustachio (D:6)
  Edmund (D:6)
  Menkaure (D:4)
  Duvessa (D:6)
  An ice beast (D:7)
  3 sky beasts (D:5)
  5 ogres
  2 centaurs
  Blork the orc (D:6)
  3 bullfrogs
  Dowan (D:6)
  A wyvern skeleton (D:8)
  2 scorpions (D:6)
  3 wights (D:7)
  A howler monkey (D:7)
  A bullfrog zombie (D:5)
  4 hounds
  2 centaur skeletons
  7 orc wizards
  2 orc priests (D:4)
  Jessica (D:2)
  Ijyb (D:4)
  Natasha (thrice) (D:2)
  3 iguanas
  6 worker ants
  A worker ant zombie (D:5)
  8 river rats (Sewer)
  16 adders
  2 shadow imps
  An ooze (D:2)
  A worm (D:3)
  4 dart slugs
  2 leopard geckos
  26 orcs
  11 giant cockroaches
  8 goblins
  7 hobgoblins
  14 jackals
  4 quokkas
  13 ball pythons
  A ball python zombie (D:5)
  6 bats
  3 frilled lizards
  11 kobolds
  2 quokka skeletons
  30 rats
229 creatures vanquished.

Vanquished Creatures (others)
  An adder (D:2)
1 creature vanquished.

Grand Total: 230 creatures vanquished

Notes
Turn   | Place    | Note
-------+----------+-------------------------------------------
     0 | D:1      | Engwar the Draconian Fire Elementalist began the quest for
                  | the Orb.
     0 | D:1      | Reached XP level 1. HP: 14/14 MP: 3/3
   365 | D:1      | Reached XP level 2. HP: 19/20 MP: 0/5
   369 | D:1      | Learned a level 2 spell: Throw Flame
  1182 | D:2      | Reached XP level 3. HP: 26/26 MP: 3/6
  1457 | D:2      | Noticed Natasha
  1468 | D:2      | Killed Natasha
  1468 | D:2      | Reached XP level 4. HP: 33/33 MP: 2/7
  1474 | D:2      | Learned a level 4 spell: Sticky Flame
  1484 | D:2      | Noticed Natasha
  1495 | D:2      | Killed Natasha
  1556 | D:2      | Noticed Natasha
  1563 | D:2      | Killed Natasha
  1950 | D:2      | Reached XP level 5. HP: 38/38 MP: 8/8
  2584 | D:2      | Noticed Jessica
  2611 | D:2      | Killed Jessica
  3285 | D:4      | Reached XP level 6. HP: 35/45 MP: 3/9
  3458 | D:4      | Found a basalt altar of Yredelemnul.
  3481 | D:4      | Reached skill level 5 in Fire Magic
  3599 | D:4      | Reached skill level 5 in Conjurations
  3663 | D:4      | Noticed Menkaure
  4104 | D:4      | Your scales start taking on a glossy black colour.
  4104 | D:4      | Reached XP level 7. HP: 50/50 MP: 6/10
  4104 | D:4      | Gained mutation: You are resistant to electric shocks.
                  | (rElec) [Black Draconian growth]
  4109 | D:4      | Learned a level 3 spell: Conjure Flame
  4132 | D:4      | Found a hide-covered altar of Uskayaw.
  4458 | D:4      | Killed Menkaure
  4789 | D:4      | Noticed Ijyb
  4797 | D:4      | Killed Ijyb
  4804 | D:4      | Got a fine great sword
  4968 | D:4      | Identified the cursed +3 great sword of Jaduj {flame,
                  | *Contam MR+ Str+8} (You found it on level 4 of the Dungeon)
  4997 | D:5      | Entered Level 5 of the Dungeon
  4997 | D:5      | Found an opulent altar of Gozag.
  5369 | D:5      | Found a glowing drain.
  5406 | D:5      | Reached XP level 8. HP: 41/57 MP: 6/11
  5421 | Sewer    | Entered a sewer
  6733 | D:6      | Found a blossoming altar of Fedhas.
  6896 | D:6      | Noticed Eustachio
  6912 | D:6      | Killed Eustachio
  6917 | D:6      | Reached XP level 9. HP: 62/62 MP: 6/15
  6924 | D:6      | Learned a level 5 spell: Fireball
  7036 | D:6      | Noticed Duvessa
  7046 | D:6      | Noticed Dowan
  7055 | D:6      | Killed Duvessa
  7055 | D:6      | Reached skill level 5 in Spellcasting
  7056 | D:6      | Killed Dowan
  7337 | D:6      | Noticed Edmund
  7360 | D:6      | Killed Edmund
  7630 | D:6      | Noticed Sigmund
  7646 | D:6      | Killed Sigmund
  7727 | D:6      | Noticed Blork the orc
  7736 | D:6      | Killed Blork the orc
  7736 | D:6      | Reached skill level 1 in Fighting
  8121 | D:7      | Found a staircase to the Ecumenical Temple.
  8134 | Temple   | Entered the Ecumenical Temple
  8178 | Temple   | Became a worshipper of Vehumet
  8393 | D:7      | Found a shimmering altar of Xom.
  8394 | D:7      | Found Wunilic's Assorted Antiques.
  8402 | D:7      | Bought a scroll of identify for 56 gold pieces
  8793 | D:7      | Found a sacrificial altar of Ru.
  8873 | D:7      | Reached skill level 5 in Fighting
  9059 | D:8      | Noticed a brown ugly thing
  9119 | D:8      | Noticed a manticore
  9135 | D:8      | Slain by a manticore

Levels and vault maps discovered:
D:1:      dpeg_arrival_stone_temple_mockup, layout_basic, minmay_pentomino_w4
D:2:      layout_rooms, uniq_natasha, uniq_jessica
D:3:      layout_loops_cross, minivault_26
D:4:      layout_loops_corners, lemuel_doored_altar,
          eat_drink_and_be_merry_uskayaw, minmay_bisected, uniq_ijyb,
          uniq_menkaure
D:5:      layout_loops_cross, nicolae_overflow_crystal_walls,
          portal_sewer_entry_c, first_ration
D:6:      layout_gridville, fedhas_altar_1, item_on_display_a, uniq_sigmund,
          uniq_blork_the_orc, uniq_edmund, uniq_eustachio, uniq_duvessa
D:7:      layout_basic, nicolae_overflow_hidden_temple,
          minmay_temple_entry_trees, serial_shops, shop, grunt_ogre_cave,
          nicolae_ru_path_of_blood
D:8:      layout_cave_pods
Temple:   regret_index_temple_sphere_string

Skill      XL: |  1  2  3  4  5  6  7  8  9 |
---------------+----------------------------+-----
Conjurations   | 2 3 4 5 6 8 |  8.0
Fire Magic     | 4 5 6 8 |  8.1
Spellcasting   | 4 6 |  6.3
Fighting       | 5 |  5.0
Dodging        | 3 |  3.0
Stealth        | |  1.7

Action                   |  1- 3 |  4- 6 |  7- 9 || total
-------------------------+-------+-------+-------++-------
Melee: Unarmed           |    21 |       |       ||    21
       Tailslap          |     3 |     8 |    24 ||    35
       Dagger            |     1 |       |   148 ||   149
       Short sword       |     4 |    59 |    32 ||    95
       Staff             |       |    40 |       ||    40
       Rapier            |       |       |   102 ||   102
 Fire: Hunting sling     |    39 |    75 |    91 ||   205
Throw: Stone             |     3 |     1 |       ||     4
 Cast: Flame Tongue      |    28 |    99 |   139 ||   266
       Sticky Flame      |       |       |    30 ||    30
       Throw Flame       |       |       |     6 ||     6
  Use: Scroll            |       |     5 |     9 ||    14
       Potion            |       |     2 |       ||     2
 Stab: Sleeping          |     1 |     1 |     3 ||     5
  Eat: Ration            |     1 |     1 |     2 ||     4
       Chunk             |       |     5 |    16 ||    21
Armor: Skin              |    12 |    52 |    94 ||   158
Dodge: Dodged            |    25 |   127 |   205 ||   357

Table legend:
 A = Non-vault XP
 B = Vault XP
 C = Vault XP percentage of total XP
 D = Non-vault monster count
 E = Vault monster count
 F = Vault count percentage of total count
                 A         B        C        D         E       F
            +---------+---------+-------+---------+---------+-------
      Total |    3117 |    1770 |  36.2 |     157 |      73 |  31.7
            +---------+---------+-------+---------+---------+-------
        D:1 |      26 |      11 |  29.7 |      15 |       7 |  31.8
        D:2 |     155 |      72 |  31.7 |      24 |       2 |   7.7
        D:3 |      71 |       0 |   0.0 |      26 |       0 |   0.0
        D:4 |     483 |     205 |  29.8 |      23 |       2 |   8.0
        D:5 |    1026 |      10 |   1.0 |      34 |       7 |  17.1
        D:6 |     549 |     919 |  62.6 |      15 |       6 |  28.6
        D:7 |     518 |     122 |  19.1 |       9 |       1 |  10.0
        D:8 |     289 |       0 |   0.0 |      11 |       0 |   0.0
      Sewer |       0 |     431 | 100.0 |       0 |      48 | 100.0
            +---------+---------+-------+---------+---------+-------
